 Dungeon Crawl Stone Soup version 0.22.0-78-g6c94d2c (webtiles) character file.

6365 Azzok the Covert (level 10, -20/76 HPs)
             Began as a Gnoll Enchanter on Sept 16, 2018.
             Was a Priest of Sif Muna.
             Demolished by a komodo dragon (23 damage)
             ... on level 10 of the Dungeon.
             The game lasted 00:19:08 (10698 turns).

Azzok the Covert (Gnoll Enchanter)                 Turns: 10698, Time: 00:19:09

Health: -20/76     AC:  6    Str: 10    XL:     10   Next: 97%
Magic:  5/21       EV: 17    Int: 21    God:    Sif Muna [***...]
Gold:   55         SH:  6    Dex: 18    Spells: 15/24 levels left

rFire    . . .     SeeInvis +   a - +6 dagger (elec)
rCold    + . .     Gourm    .   w - +0 buckler
rNeg     . . .     Faith    .   J - +1 robe of Iretsiov {rElec rC+ SInv}
rPois    +         Spirit   .   s - +0 helmet
rElec    +         Reflect  .   n - +0 cloak
rCorr    .         Harm     .   (no gloves)
MR       .....                  (no boots)
Stlth    ++++......             (no amulet)
HPRegen  0.22/turn              y - +2 ring of dexterity
MPRegen  0.17/turn              F - ring of poison resistance

@: about to teleport
A: distributed training, fangs 1, strong nose
a: Divine Energy, Channel Magic, Renounce Religion


You were on level 10 of the Dungeon.
You worshipped Sif Muna.
Sif Muna was most pleased with you.
You were near starving.

You visited 2 branches of the dungeon, and saw 11 of its levels.
You also visited: Sewer.

You collected 602 gold pieces.
You spent 547 gold pieces at shops.

Inventory:

Hand Weapons
 a - a +6 dagger of electrocution (weapon)
Armour
 n - a +0 cloak (worn)
 s - a +0 helmet (worn)
 w - a +0 buckler (worn)
 J - the +1 robe of Iretsiov (worn) {rElec rC+ SInv}
   (You bought it in a shop on level 9 of the Dungeon)

   It protects you from cold.
   It insulates you from electricity.
   It lets you see invisible.
Jewellery
 v - an uncursed ring of see invisible
 y - a +2 ring of dexterity (left hand)
 E - an uncursed ring of positive energy
 F - a ring of poison resistance (right hand)
 G - an uncursed ring of protection from magic
Wands
 l - a wand of flame (28)
 t - a wand of polymorph (12)
 H - a wand of paralysis (13)
 K - a wand of acid (7)
 L - a wand of digging (5)
Scrolls
 c - 3 scrolls of teleportation
 f - 6 scrolls of remove curse
 g - 2 scrolls of fog {unknown}
 h - a scroll of blinking {unknown}
 j - 3 scrolls of immolation {unknown}
 k - 4 scrolls of random uselessness {unknown}
 p - a scroll of noise {unknown}
 z - a scroll of torment {unknown}
 B - 2 scrolls of fear {unknown}
 C - 4 scrolls of magic mapping
 D - a scroll of acquirement {unknown}
 I - a scroll of holy word {unknown}
Potions
 b - 2 potions of lignification {unknown}
 e - a potion of haste
 i - 4 potions of heal wounds
 m - 3 potions of flight
 o - 2 potions of brilliance {unknown}
 q - 5 potions of might
 r - 2 potions of agility
 u - 2 potions of mutation {!q}
 x - a potion of magic {unknown}
 A - 4 potions of curing
Comestibles
 d - 30 rations


   Skills:
 + Level 5.6 Fighting
 + Level 6.3 Short Blades
 + Level 5.6 Long Blades
 + Level 5.6 Axes
 + Level 5.6 Maces & Flails
 + Level 5.6 Polearms
 + Level 5.6 Staves
 + Level 5.6 Slings
 + Level 5.6 Bows
 + Level 5.6 Crossbows
 + Level 5.6 Throwing
 + Level 5.6 Armour
 + Level 7.3 Dodging
 + Level 8.3 Stealth
 + Level 5.6 Shields
 + Level 5.6 Unarmed Combat
 + Level 7.6 Spellcasting
 + Level 4.6 Conjurations
 + Level 7.3 Hexes
 + Level 4.6 Charms
 + Level 4.6 Summonings
 + Level 4.6 Necromancy
 + Level 4.6 Translocations
 + Level 4.6 Transmutations
 + Level 4.6 Fire Magic
 + Level 4.6 Ice Magic
 + Level 4.6 Air Magic
 + Level 4.6 Earth Magic
 + Level 4.6 Poison Magic
 + Level 6.2 Invocations
 + Level 5.6 Evocations


You had 15 spell levels left.
You knew the following spells:

 Your Spells              Type           Power        Failure   Level  Hunger
a - Corona                Hex            #####..      1%          1    None
b - Ensorcelled Hibernat  Hex/Ice        ####..       1%          2    None
c - Confuse               Hex            #####...     1%          3    None
d - Dazzling Spray        Conj/Hex       ####..       1%          3    None

Your spell library contained the following spells:

 Spells                   Type           Power        Failure   Level  Hunger
 Confusing Touch          Hex            #####.       1%          1    None
 Tukima's Dance           Hex            #####...     1%          3    None
 Gell's Gravitas          Tloc           ####......   3%          3    None
 Petrify                  Tmut/Erth      ####....     12%         4    ###....
 Metabolic Englaciation   Hex/Ice        ####......   19%         5    #####..
 Yara's Violent Unravell  Hex/Tmut       ####......   19%         5    #####..


Dungeon Overview and Level Annotations

Branches:
Dungeon (10/15)            Temple (1/1) D:4            Lair (0/6) D:10
    Orc (0/2) D:10

Altars:
Ashenzari
Cheibriados
Fedhas
Gozag
Kikubaaqudgha
Nemelex Xobeh
Okawaru
Qazlal
Sif Muna
Uskayaw
Xom
Zin

Shops:
D:4 =   D:9 [*


Innate Abilities, Weirdness & Mutations

Your experience applies equally to all skills.
You have very sharp teeth.
Your uncanny sense of smell can sniff out nearby items.


Message History

Confirm with . or Enter, or press ? or * to list all spells.
Aiming: Ensorcelled Hibernation (safe; 1% risk of failure)
Press: ? - help, Shift-Dir - straight line, f/p - komodo dragon
Aim: a komodo dragon (softly glowing, chance to defeat MR: 44%)
The komodo dragon resists with some effort.
The komodo dragon bites you!!
* * * LOW HITPOINT WARNING * * *
Casting: Ensorcelled Hibernation (safe; 1% risk of failure)
Confirm with . or Enter, or press ? or * to list all spells.
Aiming: Confuse (safe; 1% risk of failure)
Press: ? - help, Shift-Dir - straight line, f/p - komodo dragon
Aim: a komodo dragon (softly glowing, chance to defeat MR: 49%)
The komodo dragon resists with some effort.
* * * LOW MAGIC WARNING * * *
The komodo dragon bites you!
* * * LOW HITPOINT WARNING * * *
The komodo dragon stops glowing.
As you read the scroll of teleportation, it crumbles to dust.
You feel strangely unstable. The komodo dragon bites you!!
You die...

▒·▒▒▒▒▒·▒ ▒·······▒
▒·▒▒▒▒▒·▒▒▒▒▒▒▒▒▒▒▒ ▒·▒
▒···········▒ ▒·▒
▒···········▒ ▒▒▒▒▒·▒
▒·!·········▒
······▒▒▒▒▒···········▒
▒▒▒▒▒·················▒
▒··········l@·····▒
▒··········>······▒
▒·················▒
▒·················▒▒
▒·········▒▒▒▒·····▒▒▒
▒·········▒▒···P··P··▒
▒·········▒······PP··P▒
▒················PPPPP▒
▒·············PPP·l·PP▒


You could see a komodo dragon.

Vanquished Creatures
  A manticore (D:7)
  Psyche (D:8)
  Sigmund (D:2)
  Eustachio (D:5)
  A wyvern (D:8)
  4 hogs (D:7)
  A human (D:7)
  Duvessa (D:5)
  6 sky beasts
  A black bear (D:7)
  An orc warrior (D:9)
  2 ice beasts (D:7)
  Purgy (Sewer)
  2 phantoms
  10 centaurs
  2 ogres
  A big kobold (D:4)
  A gnoll sergeant (D:7)
  A bullfrog (D:8)
  Dowan (D:5)
  6 scorpions
  A killer bee (D:7)
  6 wights
  3 howler monkeys
  A crimson imp (D:7)
  3 bullfrog zombies
  4 hounds
  2 jellies
  A bullfrog skeleton (D:10)
  4 orc priests
  Crazy Yiuf (D:2)
  Jessica (D:3)
  Ijyb (D:3)
  2 iguanas (D:4)
  5 orc wizards
  Terence (D:3)
  10 worker ants
  A hound skeleton (D:8)
  A mummy (D:6)
  A worker ant zombie (D:8)
  12 gnolls
  7 adders
  3 shadow imps (D:7)
  An ooze (D:3)
  2 adder skeletons
  An adder zombie (D:7)
  A worm (D:2)
  A dart slug (D:1)
  9 leopard geckos
  16 orcs
  12 giant cockroaches
  4 goblins
  4 hobgoblins
  17 jackals
  25 kobolds
  4 quokkas
  A bat (D:1)
  13 frilled lizards
  3 rats
231 creatures vanquished.

Vanquished Creatures (others)
  A kobold (D:4)
  A plant (D:10)
2 creatures vanquished.

Grand Total: 233 creatures vanquished

Notes
Turn   | Place    | Note
-------+----------+-------------------------------------------
     0 | D:1      | Azzok the Gnoll Enchanter began the quest for the Orb.
     0 | D:1      | Reached XP level 1. HP: 13/13 MP: 6/6
   453 | D:1      | Reached XP level 2. HP: 17/19 MP: 7/7
  1122 | D:2      | Learned a level 2 spell: Ensorcelled Hibernation
  1160 | D:2      | Reached XP level 3. HP: 21/25 MP: 0/9
  1215 | D:2      | Learned a level 3 spell: Confuse
  1219 | D:2      | Learned a level 3 spell: Dazzling Spray
  1263 | D:2      | Reached skill level 6 in Stealth
  1263 | D:2      | Reached skill level 5 in Spellcasting
  1500 | D:2      | Reached skill level 1 in Invocations
  1729 | D:2      | Reached skill level 1 in Fighting
  1729 | D:2      | Reached skill level 1 in Long Blades
  1729 | D:2      | Reached skill level 1 in Axes
  1729 | D:2      | Reached skill level 1 in Maces & Flails
  1729 | D:2      | Reached skill level 1 in Polearms
  1729 | D:2      | Reached skill level 1 in Staves
  1729 | D:2      | Reached skill level 1 in Slings
  1729 | D:2      | Reached skill level 1 in Bows
  1729 | D:2      | Reached skill level 1 in Crossbows
  1729 | D:2      | Reached skill level 1 in Throwing
  1729 | D:2      | Reached skill level 1 in Armour
  1729 | D:2      | Reached skill level 1 in Shields
  1729 | D:2      | Reached skill level 1 in Unarmed Combat
  1729 | D:2      | Reached skill level 1 in Evocations
  1729 | D:2      | Reached XP level 4. HP: 32/32 MP: 8/11
  1908 | D:2      | Found a runed door.
  1912 | D:2      | Noticed Crazy Yiuf
  1916 | D:2      | Killed Crazy Yiuf
  1916 | D:2      | Reached skill level 1 in Conjurations
  1916 | D:2      | Reached skill level 1 in Charms
  1916 | D:2      | Reached skill level 1 in Summonings
  1916 | D:2      | Reached skill level 1 in Necromancy
  1916 | D:2      | Reached skill level 1 in Translocations
  1916 | D:2      | Reached skill level 1 in Transmutations
  1916 | D:2      | Reached skill level 1 in Fire Magic
  1916 | D:2      | Reached skill level 1 in Ice Magic
  1916 | D:2      | Reached skill level 1 in Air Magic
  1916 | D:2      | Reached skill level 1 in Earth Magic
  1916 | D:2      | Reached skill level 1 in Poison Magic
  1981 | D:2      | Noticed Sigmund
  1993 | D:2      | Killed Sigmund
  1993 | D:2      | Reached XP level 5. HP: 34/38 MP: 3/12
  1993 | D:2      | Reached XP level 6. HP: 39/44 MP: 3/13
  2407 | D:3      | Noticed Terence
  2415 | D:3      | Killed Terence
  2468 | D:3      | Found an opulent altar of Gozag.
  2628 | D:3      | Reached skill level 5 in Dodging
  2631 | D:3      | Found a glowing drain.
  2677 | Sewer    | Entered a sewer
  2757 | Sewer    | Noticed Purgy
  2760 | Sewer    | Killed Purgy
  2873 | D:3      | Noticed Jessica
  2878 | D:3      | Killed Jessica
  2878 | D:3      | Reached XP level 7. HP: 50/50 MP: 11/15
  2930 | D:3      | Noticed Ijyb
  2939 | D:3      | Killed Ijyb
  4352 | D:4      | Reached XP level 8. HP: 57/57 MP: 6/16
  4423 | D:4      | Found Koffuc's Jewellery Boutique.
  4444 | D:4      | Bought a cursed amulet of inaccuracy for 28 gold pieces
  4496 | D:4      | Found a staircase to the Ecumenical Temple.
  4505 | Temple   | Entered the Ecumenical Temple
  4576 | Temple   | Became a worshipper of Sif Muna the Loreminder
  5208 | D:5      | Entered Level 5 of the Dungeon
  5266 | D:5      | Noticed Duvessa
  5267 | D:5      | Noticed Dowan
  5347 | D:5      | Killed Duvessa
  5351 | D:5      | Killed Dowan
  5364 | D:5      | Noticed Eustachio
  5373 | D:5      | Killed Eustachio
  5447 | D:5      | Reached skill level 7 in Stealth
  5799 | D:5      | Reached * piety under Sif Muna
  6046 | D:6      | Reached XP level 9. HP: 55/65 MP: 7/18
  6168 | D:6      | Found a snail-covered altar of Cheibriados.
  6375 | D:6      | Found a shattered altar of Ashenzari.
  6817 | D:7      | Noticed a manticore
  6826 | D:7      | Killed a manticore
  6826 | D:7      | Reached skill level 5 in Short Blades
  7450 | D:7      | Reached skill level 5 in Invocations
  7501 | D:7      | Reached XP level 10. HP: 73/73 MP: 11/20
  7505 | D:7      | Reached ** piety under Sif Muna
  7881 | D:7      | Reached skill level 5 in Fighting
  7881 | D:7      | Reached skill level 5 in Long Blades
  7881 | D:7      | Reached skill level 5 in Axes
  7881 | D:7      | Reached skill level 5 in Maces & Flails
  7881 | D:7      | Reached skill level 5 in Polearms
  7881 | D:7      | Reached skill level 5 in Staves
  7881 | D:7      | Reached skill level 5 in Slings
  7881 | D:7      | Reached skill level 5 in Bows
  7881 | D:7      | Reached skill level 5 in Crossbows
  7881 | D:7      | Reached skill level 5 in Throwing
  7881 | D:7      | Reached skill level 5 in Armour
  7881 | D:7      | Reached skill level 5 in Shields
  7881 | D:7      | Reached skill level 5 in Unarmed Combat
  7881 | D:7      | Reached skill level 5 in Evocations
  8373 | D:8      | Reached skill level 8 in Stealth
  9173 | D:8      | Noticed Psyche
  9182 | D:8      | Killed Psyche
  9305 | D:9      | Found Niuvat Niaso's Armour Emporium.
  9308 | D:9      | Bought the +1 robe of Iretsiov {rElec rC+ SInv} for 463
                  | gold pieces
  9362 | D:9      | Found Weutseot's General Store.
  9371 | D:9      | Bought a scroll of magic mapping for 56 gold pieces
 10021 | D:10     | Entered Level 10 of the Dungeon
 10067 | D:10     | Found a staircase to the Orcish Mines.
 10228 | D:10     | Reached *** piety under Sif Muna
 10585 | D:10     | Found a staircase to the Lair.
 10694 | D:10     | HP: 2/76 [komodo dragon (9)]
 10698 | D:10     | Demolished by a komodo dragon

Skill      XL: |  1  2  3  4  5  6  7  8  9 10 |
---------------+-------------------------------+-----
Stealth        | 6 7 8 |  8.3
Spellcasting   | 5 6 7 |  7.6
Invocations    | 1 2 3 4 5 6 |  6.2
Fighting       | 1 2 3 4 5 |  5.6
Long Blades    | 1 2 3 4 5 |  5.6
Axes           | 1 2 3 4 5 |  5.6
Maces & Flails | 1 2 3 4 5 |  5.6
Polearms       | 1 2 3 4 5 |  5.6
Staves         | 1 2 3 4 5 |  5.6
Slings         | 1 2 3 4 5 |  5.6
Bows           | 1 2 3 4 5 |  5.6
Crossbows      | 1 2 3 4 5 |  5.6
Throwing       | 1 2 3 4 5 |  5.6
Armour         | 1 2 3 4 5 |  5.6
Shields        | 1 2 3 4 5 |  5.6
Unarmed Combat | 1 2 3 4 5 |  5.6
Evocations     | 1 2 3 4 5 |  5.6
Conjurations   | 1 2 3 4 |  4.6
Charms         | 1 2 3 4 |  4.6
Summonings     | 1 2 3 4 |  4.6
Necromancy     | 1 2 3 4 |  4.6
Translocations | 1 2 3 4 |  4.6
Transmutations | 1 2 3 4 |  4.6
Fire Magic     | 1 2 3 4 |  4.6
Ice Magic      | 1 2 3 4 |  4.6
Air Magic      | 1 2 3 4 |  4.6
Earth Magic    | 1 2 3 4 |  4.6
Poison Magic   | 1 2 3 4 |  4.6
Short Blades   | 3 4 5 6 |  6.3
Dodging        | 5 6 7 |  7.3
Hexes          | 6 7 |  7.3

Action                   |  1- 3 |  4- 6 |  7- 9 | 10-12 || total
-------------------------+-------+-------+-------+-------++-------
Melee: Dagger            |    88 |    72 |   244 |   205 ||   609
       Bite              |     4 |     3 |    21 |    26 ||    54
       Punch             |       |     1 |       |       ||     1
 Cast: Corona            |     6 |       |     9 |     5 ||    20
       Ensorcelled Hiber |    16 |    28 |    68 |    68 ||   180
       Confuse           |       |       |    21 |    13 ||    34
  Use: Scroll            |       |       |     9 |     6 ||    15
 Stab: Sleeping          |    12 |    21 |    59 |    49 ||   141
       Confused          |       |       |     8 |     7 ||    15
  Eat: Chunk             |     3 |     3 |    16 |     8 ||    30
Armor: Robe              |     5 |     7 |    30 |    14 ||    56
Dodge: Dodged            |    54 |    54 |   149 |   111 ||   368
Block: Buckler           |       |       |    54 |    39 ||    93
